 Dungeon Crawl Stone Soup version 0.24-a0-537-g2d01d4ab0a (webtiles) character file.

Game seed: 17269423381025393172

70 GameOver the Conjurer (level 4, -1/36 HPs)
             Began as a Naga Wizard on Aug 13, 2019.
             Slain by a phantom (8 damage)
             ... on level 2 of the Dungeon.
             The game lasted 00:06:07 (1144 turns).

GameOver the Conjurer (Naga Wizard)                 Turns: 1144, Time: 00:06:08

Health: -1/36      AC:  2    Str:  9    XL:     4   Next: 22%
Magic:  1/8        EV: 10    Int: 19    God:
Gold:   107        SH:  0    Dex: 10    Spells: 3/9 levels left

rFire    + . .     SeeInvis +   m - +0 spear
rCold    + . .     Gourm    .   (no shield)
rNeg     . . .     Faith    .   a - +0 robe
rPois    +         Spirit   .   b - +0 hat
rElec    +         Reflect  .   (no cloak)
rCorr    +         Harm     .   (no gloves)
MR       .....                  (no barding)
Stlth    ++........             (no amulet)
HPRegen  0.12/turn              (no ring)
MPRegen  0.11/turn              (no ring)

@: resistant, very slightly contaminated, hasted, invisible, quick
A: large, see invisible, deformed body, poison resistance, slowness 2, slow
metabolism 1, spit poison 1, AC +1
a: Spit Poison


You were on level 2 of the Dungeon.
You were not hungry.

You visited 1 branch of the dungeon, and saw 2 of its levels.

You collected 107 gold pieces.

Inventory:

Hand Weapons
 m - a +0 spear (weapon)
Armour
 a - a +0 robe (worn)
 b - a +0 hat (worn)
 e - a +0 shield
 q - a +0 buckler
Jewellery
 k - an uncursed amulet of faith {unknown}
Scrolls
 c - a scroll of noise {unknown}
 f - 2 scrolls of identify {unknown}
 h - a scroll of fog {unknown}
 o - 2 scrolls of amnesia {unknown}
Potions
 j - a potion of invisibility
 l - a potion of heal wounds {unknown}
 p - 2 potions of flight {unknown}
Comestibles
 d - 4 rations
 n - 3 chunks of flesh


   Skills:
 - Level 1.5 Dodging
 - Level 3.0 Stealth
 - Level 3.0 Spellcasting
 + Level 3.9 Conjurations
   Level 1.0 Summonings
 - Level 1.0 Translocations


You had 3 spell levels left.
You knew the following spells:

 Your Spells              Type           Power        Failure   Level  Hunger
a - Magic Dart            Conj           ###.         3%          1    None
b - Blink                 Tloc           N/A          16%         2    ##.....
d - Mephitic Cloud        Conj/Pois/Air  #.......     26%         3    ###....

Your spell library contained the following spells:

 Spells                   Type           Power        Failure   Level  Hunger
 Call Imp                 Summ           #.......     16%         2    ##.....
 Conjure Flame            Conj/Fire      ##......     21%         3    ###....
 Slow                     Hex            #.......     22%         2    ##.....


Dungeon Overview and Level Annotations

Branches:
Dungeon (2/15)

Altars:


Innate Abilities, Weirdness & Mutations

You cannot wear boots.
Your serpentine skin is tough. (AC +1)
You have supernaturally acute eyesight. (SInv)
Armour fits poorly on your strangely shaped body.
Your system is resistant to poisons. (rPois)
You cover ground very slowly.
You have a slow metabolism.
You can spit poison.


Message History

The phantom hits you.
The phantom blinks!
It was a potion of resistance.
You feel protected.
Attack whom?
Press: ? - help, Dir - move target cursor, f/p - phantom
Aim: a phantom (severely damaged)
You reach to attack!
You hit the phantom but do no damage.
The phantom is severely damaged.
You hit the phantom.
The phantom is severely damaged.
The phantom hits you.
* * * LOW HITPOINT WARNING * * *
It was a potion of invisibility.
You fade into invisibility!
The phantom closely misses you.
You are very lightly contaminated with residual magic.
It was a potion of haste.
You feel yourself speed up. The phantom hits you.
* * * LOW HITPOINT WARNING * * *
The phantom hits you!
You die...

...#######÷#########.#..P≈≈≈≈≈P..
###.........# .#..P♣≈♣≈≈PP# #
#.........# #..P.≈≈ ♣≈≈≈.. #
#.........# #####..P≈≈ ♣P♣♣≈≈P #
#....)....# #.....P.♣♣≈PPPP♣PP
###.........####.###.≈P≈♣PPP.P≈♣P
...................#.PP≈≈P≈P.≈≈≈P
......)......###.#.#..≈≈≈P.....≈≈
......######.# #@....≈P≈.....#≈≈♣
..)....# #.# #.W...≈♣≈.#####PP≈
.....PP# #.# #......≈≈P# #.P≈
#....≈♣♣ #.# #....?.≈.≈# #.≈≈
#....≈≈≈ #.# #.#+#$P.P## #.#≈
#....≈≈≈.. #.# #.# #....#
#.....≈### #.# #.# #.####
#....### #.# #.# #.# #....# #.#
#.#


You could see a phantom.

Vanquished Creatures
  3 adders (D:2)
  An ooze (D:1)
  A worm (D:2)
  7 bats
  A giant cockroach (D:2)
  6 goblins
  9 hobgoblins
  3 kobolds
  2 frilled lizards (D:2)
  3 rats (D:2)
36 creatures vanquished.

Notes
Turn   | Place    | Note
-------+----------+-------------------------------------------
     0 | D:1      | GameOver the Naga Wizard began the quest for the Orb.
     0 | D:1      | Reached XP level 1. HP: 15/15 MP: 4/4
    73 | D:1      | Reached XP level 2. HP: 21/22 MP: 4/6
   588 | D:2      | Reached XP level 3. HP: 28/28 MP: 5/7
   592 | D:2      | Learned a level 2 spell: Blink
   596 | D:2      | Learned a level 3 spell: Mephitic Cloud
  1009 | D:2      | Reached XP level 4. HP: 30/36 MP: 2/8
  1018 | D:2      | Noticed a phantom
  1144 | D:2      | Slain by a phantom

Levels and vault maps discovered:
D:1:      dpeg_arrival_simpleton_b, layout_basic
D:2:      layout_basic, serial_bayou, serial_bayou_pond_a,
          serial_bayou_lagoon_a, serial_bayou_pond_d, serial_bayou_pond_e,
          minmay_joined_circles

Skill      XL: |  1  2  3 |
---------------+----------+-----
Conjurations   | 2 3 |  3.9
Dodging        | |  1.5
Stealth        | |  3.0
Spellcasting   | |  3.0
Summonings     | |  1.0
Translocations | |  1.0

Action                   |  1- 3 |  4- 6 || total
-------------------------+-------+-------++-------
Melee: Short sword       |     6 |       ||     6
       Spear             |     2 |    16 ||    18
 Cast: Magic Dart        |    30 |    18 ||    48
 Abil: Spit Poison       |    31 |     4 ||    35
  Use: Potion            |       |     3 ||     3
  Eat: Chunk             |     2 |       ||     2
Armor: Robe              |     2 |     1 ||     3
Dodge: Dodged            |    12 |     6 ||    18

Table legend:
 A = Non-vault XP
 B = Vault XP
 C = Vault XP percentage of total XP
 D = Non-vault monster count
 E = Vault monster count
 F = Vault count percentage of total count
                 A         B        C        D         E       F
            +---------+---------+-------+---------+---------+-------
      Total |      97 |       4 |   4.0 |      34 |       2 |   5.6
            +---------+---------+-------+---------+---------+-------
        D:1 |      32 |       0 |   0.0 |      16 |       0 |   0.0
        D:2 |      65 |       4 |   5.8 |      18 |       2 |  10.0
            +---------+---------+-------+---------+---------+-------
